AoeStats
← Der Sprudel

Arabia

509838017Analyzed
1v1 RM · 3d ago on Sep 28, 2026· 41m 38s· 2 players
Game mode
Random Map
Map size
Tiny (2 player)
Population
200
Speed
Normal
Resources
Standard
Victory
Conquest
Starting age
Dark Age
Ending age
Imperial Age
RankedLock teamsTeams togetherTeam positionsShared explorationLock speedFull tech treeHidden civsTurbo modeCheats
Victory
Defeat
🇩🇪 Varangians · Germany
1270
+15
🇵🇱 Poles · Poland
1242
-15
HTF
6:27 Loom
9:06 Feudal Age
10:11 Double-Bit Axe
19:38 Castle Age
17:59 Fletching
18:17 Horse Collar
18:53 Gold Mining
19:43 Padded Archer Armor
20:40 Bow Saw
20:34 Heavy Plow
21:03 Squires
21:43 Light Cavalry
22:34 Bloodlines
22:21 Crossbowman
23:46 Bodkin Arrow
27:03 Forging
30:22 Stone Mining
31:20 Iron Casting
32:26 Ballistics
32:33 Husbandry
32:45 Scale Barding Armor
32:55 Leather Archer Armor
35:57 Chain Barding Armor
36:29 Thumb Ring
38:04 Wheelbarrow
37:15 Town Watch
41:24 Imperial Age
Der Sprudel
6:15 Loom
9:23 Feudal Age
9:50 Double-Bit Axe
12:52 Horse Collar
19:59 Castle Age
18:33 Scale Mail Armor
19:27 Fletching
20:35 Forging
21:19 Bow Saw
21:17 Bodkin Arrow
22:41 Gold Mining
23:24 Padded Archer Armor
25:38 Elite Skirmisher
26:46 Gambesons
29:02 Leather Archer Armor
30:45 Wheelbarrow
31:51 Squires
32:45 Arson
34:45 Chain Mail Armor
35:09 Stone Mining
37:21 Ballistics
37:21 Town Watch
37:51 Hand Cart
40:40 Imperial Age
38:29 Heavy Plow
39:33 Iron Casting
41:25 Bracer
41:55 Plate Mail Armor
41:22 Elite Varangian Guard
43:04 Blast Furnace
Connection lost

Rejoining the realm…

Still unreachable

The connection could not be restored.

Session expired

The server has moved on; the page needs a fresh start.